 Dungeon Crawl Stone Soup version 0.22-a0-353-g2d6336e (webtiles) character file.

39 iamserjio the Insei (level 3, -7/20 HPs)
             Began as a Tengu Transmuter on Apr 15, 2018.
             Mangled by Sigmund
             ... wielding a +0 scythe
              (13 damage)
             ... on level 2 of the Dungeon.
             The game lasted 00:06:41 (2395 turns).

iamserjio the Insei (Tengu Transmuter)              Turns: 2395, Time: 00:06:42

Health: -7/20      AC:  2    Str: 10    XL:     3   Next: 47%
Magic:  6/7        EV: 13    Int: 13    God:
Gold:   126        SH:  0    Dex: 15    Spells: 5/6 levels left

rFire    . . .     SeeInvis .     - Unarmed
rCold    . . .     Gourm    .   (no shield)
rNeg     . . .     Faith    .   b - +0 robe
rPois    .         Spirit   .   (helmet restricted)
rElec    .         Reflect  .   (no cloak)
rCorr    .         Harm     .   (no gloves)
MR       .....                  (boots unavailable)
Stlth    +.........             (no amulet)
HPRegen  0.06/turn              (no ring)
MPRegen  0.10/turn              (no ring)

@: confused, appendage (expiring)
A: beak, horns 2, talons 3
a: End Transformation


You were on level 2 of the Dungeon.
You were not hungry.
You had grown temporary horns.
You visited 1 branch of the dungeon, and saw 2 of its levels.

You collected 126 gold pieces.

Inventory:

Missiles
 a - 31 arrows
 i - 104 stones (quivered)
 t - 48 sling bullets
Armour
 b - a +0 robe (worn)
 e - a cursed -1 robe
Jewellery
 f - an uncursed amulet of the acrobat {unknown}
 s - an uncursed ring of poison resistance {unknown}
 u - an uncursed ring of fire {unknown}
Scrolls
 g - a scroll of fear {unknown}
 k - 3 scrolls of identify {unknown}
 m - a scroll of random uselessness {unknown}
 q - 3 scrolls of fog {unknown}
Potions
 c - 2 potions of brilliance {unknown}
 h - a potion of haste {unknown}
 j - 4 potions of heal wounds {unknown}
 l - a potion of mutation {unknown}
 n - a potion of might {unknown}
 o - 2 potions of curing {unknown}
 p - a potion of magic {unknown}
 r - a potion of berserk rage {unknown}
Comestibles
 d - 2 rations
 v - a chunk of flesh


   Skills:
 - Level 1.0 Fighting
 + Level 2.6 Dodging
 * Level 4.0 Unarmed Combat
 + Level 2.3 Spellcasting
 + Level 2.0 Transmutations


You had 5 spell levels left.
You knew the following spells:

 Your Spells              Type           Power        Failure   Level  Hunger
a - Beastly Appendage     Tmut           #.....       11%         1    #......


Dungeon Overview and Level Annotations

Branches:
Dungeon (2/15)

Altars:
Uskayaw

Annotations:
D:2 Sigmund


Innate Abilities, Weirdness & Mutations

You have a beak for a mouth.
You have claws for feet.
You have a pair of horns on your head.


Message History

You headbutt Sigmund. You peck Sigmund.
Sigmund is lightly wounded.
You barely miss Sigmund. Your kick misses Sigmund. You peck Sigmund.
Sigmund is moderately wounded.
Sigmund giggles. "Time to reap what you sow."
Sigmund hits you with a scythe!
Ouch! That really hurt!
* * * LOW HITPOINT WARNING * * *
You closely miss Sigmund. You claw Sigmund. You peck Sigmund.
Sigmund is moderately wounded.
Sigmund gestures wildly while chanting.
Sigmund flickers and vanishes!
Deactivating autopickup; reactivate with Ctrl-A.
You closely miss something.
Your transformation is almost over.
You hear some strange, mumbled words.
You are confused.
Something hits you!
Ouch! That really hurt!
You die...

.......
#..... #####
##..... .....
...>... ####
.?.....######
.......)....#
.......###.##
.......#.#.#
.......#@.{#
..#.##.#.###
. #. ..#.# .
###.# . #.#
#.# #.# #.#
######.#


There were no monsters in sight!

Vanquished Creatures
  2 dart slugs (D:1)
  A leopard gecko (D:2)
  6 goblins
  4 hobgoblins
  6 kobolds
  A quokka (D:2)
  6 bats (D:2)
  3 frilled lizards
  3 rats
32 creatures vanquished.

Notes
Turn   | Place    | Note
-------+----------+-------------------------------------------
     0 | D:1      | iamserjio the Tengu Transmuter began the quest for the Orb.
     0 | D:1      | Reached XP level 1. HP: 12/12 MP: 4/4
   517 | D:1      | Reached XP level 2. HP: 16/16 MP: 4/6
  1504 | D:2      | Found a hide-covered altar of Uskayaw.
  1955 | D:2      | Reached XP level 3. HP: 20/20 MP: 5/7
  2333 | D:2      | Reached skill level 4 in Unarmed Combat
  2379 | D:2      | Noticed Sigmund
  2395 | D:2      | Mangled by Sigmund

Vault maps used:
D:1:      dpeg_arrival_windows_large_door, minmay_octomino_c4
D:2:      old_standard_altar, uniq_sigmund

Skill      XL: |  1  2  3 |
---------------+----------+-----
Unarmed Combat | 4 |  4.0
Transmutations | 2 |  2.0
Fighting       | |  1.0
Dodging        | |  2.6
Spellcasting   | |  2.3

Action                   || total
-------------------------++-------
Melee: Unarmed           ||    60
       Peck              ||    11
       Kick              ||    10
       Headbutt          ||     5
 Cast: Beastly Appendage ||     7
 Stab: Sleeping          ||     1
  Eat: Ration            ||     1
       Chunk             ||     1
Armor: Robe              ||     4
Dodge: Dodged            ||    33

Table legend:
 A = Spawn XP
 B = Non-spawn XP
 C = Spawn XP percentage of total XP
 D = Spawn monster count
 E = Non-spawn monster count
 F = Spawn count percentage of total count
 G = Total turns spent on level
                    A         B        C        D         E        F      G
               +---------+---------+-------+---------+---------+-------+---------
         Total |       0 |      57 |   0.0 |       0 |      32 |   0.0 |  2395
               +---------+---------+-------+---------+---------+-------+---------
           D:1 |       0 |      21 |   0.0 |       0 |      10 |   0.0 |  1501
           D:2 |       0 |      36 |   0.0 |       0 |      22 |   0.0 |   894
               +---------+---------+-------+---------+---------+-------+---------
